 Dungeon Crawl Stone Soup version 0.26.1-15-g04117e645d (webtiles) character file.

Game seed: 15795436260720551039

143 RogerS the Chopper (level 5, -1/45 (46) HPs)
             Began as a Minotaur Berserker on Sept 14, 2022.
             Was a Priest of Trog.
             Killed by divine providence
             ... invoked by an orc priest
              (14 damage)
             ... on level 3 of the Dungeon.
             The game lasted 00:18:51 (2232 turns).

RogerS the Chopper (Minotaur Berserker)             Turns: 2232, Time: 00:18:52

HP:   -1/45 (46)    AC: 11    Str: 21    XL:     5   Next: 4%
MP:   4/4           EV:  4    Int:  5    God:    Trog [***...]
Gold: 194           SH:  8    Dex: 10    Spells: 4/4 levels left

rFire    . . .     SeeInvis .   a - +0 hand axe
rCold    . . .     Faith    .   r - +0 kite shield
rNeg     . . .     Spirit   .   s - +0 plate armour
rPois    .         Reflect  .   (helmet restricted)
rElec    .         Harm     .   (no cloak)
rCorr    .         Rampage  .   (no gloves)
Will     .....                  (no boots)
Stlth    ..........             (no amulet)
HPRegen  0.15/turn              e - ring of flight
MPRegen  0.09/turn              u - ring of stealth

@: lightly drained
A: retaliatory headbutt, horns 2
a: Renounce Religion, Evoke Flight, Berserk, Trog's Hand


You were on level 3 of the Dungeon.
You worshipped Trog.
Trog was most pleased with you.
You visited 1 branch of the dungeon, and saw 3 of its levels.

You collected 194 gold pieces.

Inventory:

Hand Weapons
 a - a +0 hand axe (weapon)
 x - a cursed +0 war axe
Missiles
 l - 5 javelins
 m - 125 stones (quivered)
 t - 11 poisoned darts
Armour
 b - a +0 animal skin
 k - a +0 ring mail
 r - a +0 kite shield (worn)
 s - a +0 plate armour (worn)
Jewellery
 e - a ring of flight (left hand)
 u - a ring of stealth (right hand)
 y - an uncursed ring of attention
Scrolls
 c - a scroll of blinking {unknown}
 d - 4 scrolls of teleportation
 g - a scroll of enchant weapon {unknown}
 h - a scroll of remove curse
 i - a scroll of identify
 j - 2 scrolls of amnesia {unknown}
 o - a scroll of enchant armour {unknown}
 p - a scroll of fear {unknown}
 q - 2 scrolls of noise {unknown}
Potions
 f - a potion of heal wounds {unknown}
 n - 2 potions of berserk rage
 v - 2 potions of flight
 w - a potion of cancellation {unknown}
 z - a potion of attraction {unknown}


   Skills:
 + Level 4.2 Fighting
 * Level 5.0 Axes
 + Level 3.3 Armour
 + Level 3.0 Dodging
 + Level 1.4 Shields
 + Level 1.0 Evocations


You had 4 spell levels left.
You didn't know any spells.
Your spell library was empty.

Dungeon Overview and Level Annotations

Branches:
Dungeon (3/15)

Altars:
Dithmenos


Innate Abilities, Weirdness & Mutations

You reflexively headbutt those who attack you in melee.
You have a pair of horns on your head.


Message History

You hit the orc priest but do no damage.
The orc priest is lightly wounded.
The orc priest hits you but does no damage. x2
You hit the orc priest.
You headbutt the orc priest, but do no damage.
The orc priest is moderately wounded.
The orc priest hits you but does no damage.
You hit the orc priest. Your headbutt misses the orc priest.
The orc priest is heavily wounded.
The orc priest hits you but does no damage.
You closely miss the orc priest. Your headbutt misses the orc priest.
The orc priest is heavily wounded.
The orc priest calls down the wrath of Beogh upon you.
Pain shoots through your body!
* * * LOW HITPOINT WARNING * * *
You hit the orc priest.
The orc priest is severely wounded.
The orc priest calls down the wrath of Beogh upon you.
Beogh smites you!
You die...

####.........#
#.##..#.#.# ..... #
##........###..†......#
..... #
+#........##.###..##.#
.... #
#...#+#...+.........?
.... # #..##
#####..###.#..# # #.##
#..###..$.# # #.#
#....##...#
######'#########....#
...#
...............)@...#
##########.....o#####
#######.o.# #...# #B..#
.K..# ....... ..o.(....
............


You could see an orc priest.

Vanquished Creatures
  An orc wizard (D:3)
  4 adders (D:2)
  4 worms
  3 leopard geckos
  4 orcs (D:3)
  6 bats
  5 giant cockroaches
  2 goblins
  3 hobgoblins
  7 jackals
  9 kobolds
  2 frilled lizards
  10 rats
60 creatures vanquished.

Notes
Turn   | Place    | Note
-------+----------+-------------------------------------------
     0 | D:1      | RogerS the Minotaur Berserker began the quest for the Orb.
     0 | D:1      | Reached XP level 1. HP: 19/19 MP: 0/0
   331 | D:1      | Reached XP level 2. HP: 27/27 MP: 1/1
   346 | D:1      | Reached skill level 4 in Axes
   751 | D:1      | Found a shadowy altar of Dithmenos.
   845 | D:1      | Reached ** piety under Trog
  1307 | D:2      | Reached XP level 3. HP: 32/33 MP: 2/2
  1495 | D:2      | Reached XP level 4. HP: 40/40 MP: 3/3
  1841 | D:2      | Reached skill level 1 in Shields
  2210 | D:3      | Reached skill level 5 in Axes
  2210 | D:3      | Reached skill level 1 in Evocations
  2210 | D:3      | Reached XP level 5. HP: 22/45 MP: 4/4
  2220 | D:3      | Reached *** piety under Trog
  2232 | D:3      | Killed from afar by an orc priest

Illustrated notes

Levels and vault maps discovered:
D:1:      saegor_arrival_simple_c, layout_rooms, minmay_hexomino_r4
D:2:      layout_basic
D:3:      minmay_chambers_of_twos, layout_basic, gup_sewer_entry_spiral,
          minmay_pentangle

Skill      XL: |  1  2  3  4 |
---------------+-------------+-----
Axes           | 4 5 |  5.0
Fighting       | 4 |  4.2
Armour         | 3 |  3.3
Shields        | 1 |  1.4
Dodging        | 3 |  3.0
Evocations     | 1 |  1.0

Action                   |  1- 3 |  4- 6 || total
-------------------------+-------+-------++-------
Melee: Hand axe          |    76 |    87 ||   163
       Headbutt          |    13 |    16 ||    29
Invok: Berserk           |     1 |       ||     1
  Use: Scroll            |     1 |     4 ||     5
Armor: Ring mail         |     7 |       ||     7
       Animal skin       |     5 |       ||     5
       Plate armour      |    10 |    45 ||    55
Dodge: Dodged            |    35 |    10 ||    45
Block: Kite shield       |    18 |    35 ||    53
